Map: Winter Madness LE

Players

HoldTheDoor

  • Race: Protoss Protoss
  • League: Diamond
  • Spawn Location: 11:00

KKSmileCrow - Winner!

  • Race: Terran Terran
  • League: Diamond
  • Spawn Location: 5:00

VOD

Have the link to the VOD?

Description

Time

  • Played on: May 2, 2026, 12:31 p.m.
  • Length: 9:21
Show
View Real Time Build Order
Export as new Build Order

HoldTheDoor Protoss 

Build Orders: 1 Gate Expand 

Get SALT Encoding   

  12  0:00  Probe  
  13  0:12  Probe  
  14  0:17  Pylon  
  14  0:23  Probe  
  15  0:32  Probe  
  15  0:39  Gateway  
  15  0:40  Probe  
  16  0:49  Assimilator  
  17  0:50  Probe  
  18  1:01  Pylon  
  18  1:03  Probe  
  19  1:15  Probe  
  20  1:33  Nexus  
  20  1:34  Cybernetics Core  
  20  1:37  Probe  
  21  1:44  Assimilator  
  21  1:51  Pylon  
  21  1:52  Probe  
  22  2:01  Adept  
  22  2:04  Probe  
  23  2:13  Warp Gate  
  25  2:16  Probe  
  26  2:26  Pylon  
  26  2:28  Probe  
  27  2:31  Sentry  
  29  2:40  Probe  
  30  2:49  Probe  
  31  2:52  Probe  
  31  2:53  Robotics Facility  
  32  3:06  Probe  
  32  3:10  Shield Battery, Probe  
  34  3:15  Shield Battery  
  34  3:18  Probe  
  35  3:22  Assimilator, Probe  
  36  3:31  Gateway  
  36  3:34  Gateway  
  36  3:36  Gateway  
  36  3:37  Pylon  
  36  3:38  Probe  
  37  3:48  Gateway  
  37  3:51  Gateway  
  37  4:02  Probe  
  38  4:04  Immortal  
  38  4:08  Probe  
  43  4:16  Stalker  
  45  4:22  Pylon, Probe  
  45  4:23  Probe  
  47  4:30  Stalker  
  49  4:33  Stalker  
  49  4:34  Probe  
  49  4:35  Sentry  
  54  4:42  Probe  
  54  4:43  Observer  
  56  4:46  Probe  
  57  4:54  Pylon, Probe  
  57  4:56  Assimilator  
  57  4:59  Pylon  
  58  5:07  Stalker x2  
  62  5:25  Pylon  
  62  5:27  Probe  
  63  5:32  Immortal  
  67  5:38  Pylon  
  67  5:44  Forge  
  67  5:47  Pylon  
  67  5:49  Probe x2  
  68  5:58  Stalker  
  62  6:07  Zealot  
  64  6:17  Probe  
  65  6:21  Photon Cannon  
  65  6:31  Photon Cannon  
  65  6:36  Probe  
  66  6:40  Photon Cannon, Probe  
  67  6:48  Probe  
  67  6:51  Stalker  
  67  6:52  Probe, Stalker  
  73  7:10  Protoss Ground Weapons Level 1  
  69  7:25  Probe  
  69  7:27  Zealot  
  69  7:28  Zealot x5  
  82  7:38  Twilight Council  
  82  7:40  Probe  
  82  7:41  Pylon  
  83  7:44  Probe, Pylon  
  84  7:53  Probe  
  84  7:56  Probe  
  86  8:11  Robotics Bay  
  86  8:17  Templar Archives  
  86  8:22  Immortal  
  86  8:25  Nexus  
  90  8:28  Probe, Pylon  
  90  8:29  Probe  
  92  8:38  Sentry  
  92  8:40  Probe  
  95  8:42  Probe  
  96  8:49  Pylon  
  96  8:50  Photon Cannon  
  96  8:55  Zealot  
  96  8:56  Zealot x2  
  82  9:15  Zealot x3  
Show
View Real Time Build Order
Export as new Build Order

KKSmileCrow Terran - Winner!

Build Orders: Reaper Expand 

Get SALT Encoding   

  12  0:00  SCV  
  13  0:12  SCV  
  14  0:18  Supply Depot  
  14  0:25  SCV  
  15  0:39  SCV  
  15  0:41  Barracks  
  16  0:45  Refinery  
  16  0:52  SCV  
  17  1:04  SCV  
  18  1:16  SCV  
  19  1:29  Reaper  
  19  1:30  Orbital Command  
  20  1:49  Command Center  
  20  1:57  Supply Depot  
  20  1:59  SCV  
  21  2:03  Marine  
  22  2:12  SCV  
  23  2:21  Factory  
  23  2:22  Refinery  
  23  2:23  Barracks Reactor  
  23  2:35  SCV  
  24  2:47  SCV  
  25  2:59  SCV  
  25  3:00  Marine x2  
  25  3:03  Orbital Command  
  28  3:06  Starport  
  28  3:08  Hellion  
  28  3:11  SCV  
  31  3:18  Marine x2  
  33  3:23  SCV  
  33  3:25  Supply Depot  
  34  3:31  Widow Mine  
  36  3:36  SCV, Marine x2  
  36  3:38  SCV  
  40  3:43  Medivac  
  40  3:48  SCV  
  43  3:54  Marine x2, Supply Depot  
  47  3:55  Widow Mine  
  47  4:00  SCV  
  47  4:02  SCV  
  49  4:14  Command Center  
  49  4:16  Starport Tech Lab  
  49  4:17  Factory Tech Lab  
  49  4:24  Marine x2  
  50  4:27  SCV x2  
  50  4:29  Barracks  
  50  4:30  Supply Depot  
  53  4:36  Liberator  
  56  4:40  Siege Tank  
  59  4:46  Barracks  
  59  4:48  SCV  
  59  4:51  SCV  
  61  5:05  SCV x2  
  61  5:06  Marine x2  
  65  5:16  Engineering Bay  
  65  5:17  SCV, Supply Depot  
  66  5:26  SCV  
  66  5:27  Stimpack  
  67  5:29  Factory Reactor  
  67  5:32  Starport Reactor, Barracks, SCV  
  67  5:33  Marine x2  
  70  5:35  Barracks  
  70  5:37  Supply Depot  
  70  5:39  Marauder, SCV  
  70  5:41  Combat Shield  
  73  5:47  Orbital Command  
  73  5:51  SCV  
  73  5:52  SCV  
  75  6:03  SCV  
  76  6:12  SCV  
  76  6:13  SCV  
  76  6:15  Widow Mine x2, Medivac x2  
  86  6:19  SCV  
  86  6:22  Refinery  
  86  6:23  Refinery  
  86  6:25  Marine x2  
  90  6:26  Marine  
  90  6:30  Barracks Reactor  
  90  6:33  Barracks Tech Lab  
  90  6:35  Marauder  
  90  6:36  SCV x2  
  91  6:41  Orbital Command  
  91  6:50  Supply Depot  
  91  6:52  Terran Infantry Weapons Level 1  
  91  6:53  SCV x2  
  93  6:55  Marauder x2, Marine x2, Supply Depot  
  93  6:56  Marine  
  93  6:58  Refinery  
  100  7:03  Refinery  
  100  7:05  SCV  
  93  7:15  Orbital Command  
  93  7:21  Marauder x3, Marine x2  
  98  7:25  Medivac x2  
  98  7:26  Widow Mine x2  
  106  7:33  SCV  
  106  7:34  SCV  
  108  7:37  Supply Depot  
  108  7:39  Supply Depot  
  108  7:43  SCV  
  109  7:45  SCV  
  109  7:47  Marauder x2, Refinery  
  109  7:48  Marauder, Marine  
  117  7:53  Marine x3  
  117  7:55  SCV  
  121  7:59  SCV  
  121  8:03  SCV  
  123  8:07  SCV  
  123  8:09  Marauder  
  123  8:11  Supply Depot  
  123  8:12  Supply Depot  
  126  8:16  SCV x2  
  126  8:18  Barracks x2  
  126  8:19  Marauder  
  132  8:20  Marauder, Barracks  
  132  8:25  Medivac  
  132  8:26  Medivac  
  136  8:30  SCV  
  136  8:31  SCV  
  136  8:33  SCV  
  139  8:43  SCV  
  139  8:44  Command Center  
  140  8:54  Marauder x3, Marine x2  
  134  9:16  Barracks Reactor, Barracks Tech Lab x2  
Tags
 
Add a new tag
Caveats
  • Supply blocks, unpowered buildings, or Contaminate may cause inaccurate times.
  • Supply counts are checked every 10 seconds.